 Dungeon Crawl Stone Soup version 0.20.1-1-g8b1a95d (webtiles) character file.

1020 Reeggar the Conjurer (level 8, -7/57 HPs)
             Began as a Demonspawn Wanderer on Oct 13, 2017.
             Mangled by a yak (11 damage)
             ... on level 5 of the Dungeon.
             The game lasted 00:40:59 (7201 turns).

Reeggar the Conjurer (Demonspawn Wanderer)          Turns: 7201, Time: 00:41:00

Health: -7/57      AC: 12    Str: 16    XL:     8   Next: 2%
Magic:  0/13       EV: 12    Int: 13    God:
Gold:   257        SH:  0    Dex: 12    Spells: 10/14 levels left

rFire    . . .     SeeInvis +   l - +2 falchion
rCold    + . .     Gourm    .   (no shield)
rNeg     . . .     Faith    .   i - +1 leather armour {rC+}
rPois    .         Spirit   +   (no helmet)
rElec    .         Reflect  .   n - +2 cloak
rCorr    .         Harm     .   r - +0 pair of gloves
MR       .....                  u - +0 pair of boots
Stlth    ++........             (no amulet)
Regen    0.2/turn               t - ring of see invisible
MPRegen  0.2/turn               (no ring)

@: very slightly contaminated
A: hooves 2, yellow scales 2, powered by pain 1, magic shield
a: no special abilities


You were on level 5 of the Dungeon.
You were not hungry.

You visited 1 branch of the dungeon, and saw 5 of its levels.

You collected 257 gold pieces.

Inventory:

Hand Weapons
 l - a +2 falchion (weapon)
Armour
 e - a +0 robe
 i - a +1 leather armour of cold resistance (worn)
 n - a +2 cloak (worn)
 q - a +1 robe of positive energy
 r - a +0 pair of gloves (worn)
 u - a +0 pair of boots (worn)
Jewellery
 t - a ring of see invisible (left hand)
Scrolls
 k - a scroll of fog
 o - a scroll of magic mapping
 p - 2 scrolls of remove curse
 v - a scroll of blinking
Potions
 b - a potion of curing
 j - a potion of degeneration {unknown}
 m - a potion of haste {unknown}
Books
 c - the Almanac of Black Secrets

   Spells                             Type                      Level
   a - Corpse Rot                     Necromancy                   2
   b - Sublimation of Blood           Necromancy                   2
 d - the Tome of Flight

   Spells                             Type                      Level
   a - Shock                          Conjuration/Air              1
   b - Mephitic Cloud                 Conjuration/Poison/Air       3
Comestibles
 g - 2 royal jellies
 h - 4 fruits
 s - a meat ration
 x - a bread ration


   Skills:
 + Level 2.4 Fighting
   Level 3.9(4.0) Short Blades
 * Level 1.0(2.6) Long Blades
 + Level 2.0 Armour
 + Level 2.3 Dodging
 + Level 3.1 Stealth
   Level 1.0 Shields
 - Level 1.0 Unarmed Combat
 * Level 3.6 Spellcasting
 + Level 5.1 Conjurations
 + Level 2.2 Air Magic


You had 10 spell levels left.
You knew the following spells:

 Your Spells              Type           Power        Failure   Level  Hunger
a - Shock                 Conj/Air       ##..         6%          1    #......
b - Mephitic Cloud        Conj/Pois/Air  #.......     28%         3    ###....


Dungeon Overview and Level Annotations

Branches:
Dungeon (5/15)
 Temple: D:4-7

Altars:
Okawaru
Sif Muna
Zin
The Shining One


Innate Abilities, Weirdness & Mutations

You have hoof-like feet.
You are mostly covered in yellow scales. (AC +3)
You sometimes gain a little power by taking damage.
When hurt, damage is shared between your health and your magic reserves.


Message History

Aiming: Shock
Press: ? - help, Shift-Dir - straight line, f/p - yak
Aim: a yak (heavily wounded)
The zap hits the yak.
The yak is heavily wounded.
The yak gores you.
* * * LOW HITPOINT WARNING * * *
The yak gores you.
* * * LOW HITPOINT WARNING * * *
Casting: Shock
Confirm with . or Enter, or press ? or * to list all spells.
Aiming: Shock
Press: ? - help, Shift-Dir - straight line, f/p - yak
Aim: a yak (heavily wounded)
The zap hits the yak.
The yak is severely wounded.
The yak gores you!
* * * LOW HITPOINT WARNING * * *
The yak gores you!
You die...

..........###'###...##....#.(....
...)............###########......
................# #......
................# #......
###'####+#......# #......
.....'...#......###### #......
.....#...#######.....# #......
#....#....†....#.....# #......
#....#....#..(YY@....# #......
....##...##....#Y....# #....<.
....##...##....#.....# #......
...............#....(# #......
...............#.....# #......
.............#.....# #......
##############.....# #......
####### #######


You could see 3 yaks.

Vanquished Creatures
  A yak (D:5)
  A water moccasin (D:3)
  3 ogres (D:4)
  2 orc priests
  A quasit (D:5)
  Crazy Yiuf (D:2)
  2 centaur skeletons (D:4)
  4 orc wizards (D:4)
  3 worker ants
  3 gnolls (D:2)
  7 adders
  2 oozes
  2 worms (D:2)
  A dart slug (D:1)
  4 leopard geckos
  6 orcs
  A ball python (D:3)
  5 giant cockroaches
  2 goblins (D:1)
  3 hobgoblins
  7 jackals (D:1)
  7 bats
  4 frilled lizards
  7 kobolds
  7 rats
86 creatures vanquished.

Notes
Turn   | Place    | Note
-------+----------+-------------------------------------------
     0 | D:1      | Reeggar the Demonspawn Wanderer began the quest for the Orb.
     0 | D:1      | Reeggar set off with: a +2 dagger, a scroll of fear, the Almanac of Black Secrets, the Tome of Flight, a +0 robe, a bread ration
     0 | D:1      | Reached XP level 1. HP: 15/15 MP: 1/1
     6 | D:1      | Identified the Almanac of Black Secrets
     6 | D:1      | Identified the Tome of Flight
   193 | D:1      | Learned a level 1 spell: Shock
   505 | D:1      | Gained mutation: You are partially covered in yellow scales. (AC +2) [demonic ancestry]
   505 | D:1      | Reached XP level 2. HP: 20/21 MP: 1/3
   517 | D:1      | Reached skill level 1 in Spellcasting
  1156 | D:1      | Reached XP level 3. HP: 26/26 MP: 0/4
  1741 | D:2      | Learned a level 3 spell: Mephitic Cloud
  1831 | D:2      | Reached skill level 1 in Short Blades
  2215 | D:2      | Gained mutation: When hurt, damage is shared between your health and your magic reserves. [demonic ancestry]
  2215 | D:2      | Reached XP level 4. HP: 10/32 MP: 1/5
  2768 | D:2      | Found an iron altar of Okawaru.
  3129 | D:2      | Reached skill level 1 in Dodging
  3380 | D:2      | Gained mutation: You sometimes gain a little power by taking damage. [demonic ancestry]
  3380 | D:2      | Reached XP level 5. HP: 28/37 MP: 1/7
  3458 | D:2      | Found a runed door.
  3462 | D:2      | Noticed Crazy Yiuf
  3473 | D:2      | Killed Crazy Yiuf
  4692 | D:3      | Noticed a water moccasin
  4724 | D:3      | Killed a water moccasin
  4724 | D:3      | Gained mutation: You have large cloven feet. [demonic ancestry]
  4724 | D:3      | Reached XP level 6. HP: 44/44 MP: 3/9
  5796 | D:4      | Gained mutation: You are mostly covered in yellow scales. (AC +3) [demonic ancestry]
  5796 | D:4      | Reached XP level 7. HP: 35/50 MP: 0/11
  6090 | D:4      | Found a glowing golden altar of the Shining One.
  6146 | D:4      | Reached skill level 1 in Armour
  6146 | D:4      | Reached skill level 5 in Conjurations
  6903 | D:5      | Entered Level 5 of the Dungeon
  7057 | D:5      | Found a glowing silver altar of Zin.
  7091 | D:5      | Found a deep blue altar of Sif Muna.
  7164 | D:5      | Noticed a yak
  7164 | D:5      | Noticed a yak
  7164 | D:5      | Noticed a yak
  7166 | D:5      | Noticed a yak
  7188 | D:5      | Killed a yak
  7188 | D:5      | Reached skill level 1 in Long Blades
  7188 | D:5      | Gained mutation: You have hoof-like feet. [demonic ancestry]
  7188 | D:5      | Reached XP level 8. HP: 22/57 MP: 3/13
  7201 | D:5      | Mangled by a yak

Skill      XL: |  1  2  3  4  5  6  7 |
---------------+----------------------+-----
Stealth        | 2 3 |  3.1
Spellcasting   | 1 2 3 |  3.6
Short Blades   | 1 2 3 |  3.9
Dodging        | 1 2 |  2.3
Fighting       | 2 |  2.4
Air Magic      | 2 |  2.2
Armour         | 2 |  2.0
Conjurations   | 5 |  5.1
Long Blades    | 1 |  1.0
Shields        | |  1.0
Unarmed Combat | |  1.0

Action                   |  1- 3 |  4- 6 |  7- 9 || total
-------------------------+-------+-------+-------++-------
Melee: Dagger            |    77 |   198 |    99 ||   374
       Falchion          |       |       |    15 ||    15
 Cast: Shock             |    27 |    71 |    18 ||   116
       Mephitic Cloud    |       |     1 |       ||     1
  Use: Scroll            |     5 |     6 |     3 ||    14
       Potion            |       |     7 |     1 ||     8
 Stab: Sleeping          |     2 |       |       ||     2
  Eat: Bread ration      |     1 |     2 |     1 ||     4
       Royal jelly       |     1 |       |       ||     1
       Chunk             |       |     3 |     1 ||     4
Armor: Robe              |    27 |    40 |       ||    67
       Skin              |       |    16 |       ||    16
       Leather armour    |       |    37 |    65 ||   102
Dodge: Dodged            |    61 |   118 |   103 ||   282
       Rpst.: Falchion   |       |       |     8 ||     8
